NYP
VANCOUVER CANADIANS @ SPOKANE INDIANS
06/09/2048
 
TOP OF THE 1ST
Vancouver Canadians batting - Pitching for Spokane Indians : RHP Javier Cabrera
Pitching: RHP Javier Cabrera
Batting: RHB Kennet Strijbis 0-0: Ball
1-0: Foul Ball, location: 2F
1-1: Foul Ball, location: 2F
1-2: Foul Ball, location: 2F
1-2: Foul Ball, location: 2F
1-2: Ball
2-2: Ball
3-2: Foul Ball, location: 2F
3-2: DOUBLE (Groundball, 5L, EV 108.1 MPH)
Batting: RHB Carlos Renteria 0-0: Ball
1-0: Fly out, F9 (Flyball, 89S, EV 88.8 MPH)
Batting: RHB Nikita Schram 0-0: Ball
1-0: Fly out, F9 (Flyball, 89S, EV 95.0 MPH)
Batting: LHB Devin Huber 0-0: Ball
1-0: Ball
2-0: Swinging Strike
2-1: SINGLE (Line Drive, 8RS, EV 102.5 MPH)
Kennet Strijbis to third
Runner from 3rd tries for Home, SAFE, throw by CF to home
Batting: RHB Javier Garcia 0-0: Ball
1-0: Called Strike
1-1: Foul Ball, location: 2F
1-2: Ground out 4-3 (Groundball, 34, EV 84.4 MPH)
Top of the 1st over - 1 run, 2 hits, 0 errors, 1 left on base; Vancouver 1 - Spokane 0
BOTTOM OF THE 1ST
Spokane Indians batting - Pitching for Vancouver Canadians : RHP Robby Granados
Pitching: RHP Robby Granados
Batting: RHB Danny Odom 0-0: Ball
1-0: Called Strike
1-1: Swinging Strike
1-2: Ball
2-2: Ball
3-2: Strikes out swinging
Batting: LHB Walter Vegter 0-0: Ball
1-0: Ball
2-0: Called Strike
2-1: Swinging Strike
2-2: Ball
3-2: Foul Ball, location: 2F
3-2: Foul Ball, location: 2F
3-2: Strikes out looking
Batting: RHB Austin Mickelson 0-0: Ball
1-0: Called Strike
1-1: Ball
2-1: Foul Ball, location: 2F
2-2: Strikes out swinging
Bottom of the 1st over - 0 runs, 0 hits, 0 errors, 0 left on base; Vancouver 1 - Spokane 0
TOP OF THE 2ND
Vancouver Canadians batting - Pitching for Spokane Indians : RHP Javier Cabrera
Batting: RHB Brian Manson 0-0: Foul Ball, location: 2F
0-1: Ball
1-1: Swinging Strike
1-2: Foul Ball, location: 2F
1-2: Strikes out looking
Batting: LHB Adam Santarelli 0-0: Called Strike
0-1: Ball
1-1: Ground out 5-3 (Groundball, 56S, EV 73.8 MPH)
Batting: RHB Ricky Carbajal 0-0: Foul Ball, location: 2F
0-1: Ball
1-1: Ball
2-1: Ground out 6-3 (Groundball, 56, EV 104.4 MPH)
Top of the 2nd over - 0 runs, 0 hits, 0 errors, 0 left on base; Vancouver 1 - Spokane 0
BOTTOM OF THE 2ND
Spokane Indians batting - Pitching for Vancouver Canadians : RHP Robby Granados
Batting: LHB Mike Sammons 0-0: Ball
1-0: Foul Ball, location: 2F
1-1: Called Strike
1-2: Ball
2-2: Ball
3-2: Strikes out swinging, 2-3 out at first.
Batting: RHB Dennis Daniels 0-0: Called Strike
0-1: Swinging Strike
0-2: Ball
1-2: Strikes out swinging
Batting: RHB Vinny Luna 0-0: Ball
1-0: SINGLE (Groundball, 6MD, EV 105.6 MPH)
Batting: RHB Aaron Graham 0-0: Ground out 6-3 (Groundball, 6S, EV 74.4 MPH)
Bottom of the 2nd over - 0 runs, 1 hit, 0 errors, 1 left on base; Vancouver 1 - Spokane 0
TOP OF THE 3RD
Vancouver Canadians batting - Pitching for Spokane Indians : RHP Javier Cabrera
Batting: RHB Luis Vargas 0-0: Called Strike
0-1: SINGLE (Groundball, 56D, EV 103.1 MPH)
Batting: RHB Kennet Strijbis 0-0: Called Strike
Luis Vargas is caught stealing 2nd base 2-4
0-1: Ground out 1-3 (Groundball, 15S, EV 68.8 MPH)
Batting: RHB Carlos Renteria 0-0: Ball
1-0: Called Strike
1-1: Fly out, F8 (Flyball, 8LD, EV 98.8 MPH)
Top of the 3rd over - 0 runs, 1 hit, 0 errors, 0 left on base; Vancouver 1 - Spokane 0
BOTTOM OF THE 3RD
Spokane Indians batting - Pitching for Vancouver Canadians : RHP Robby Granados
Batting: RHB Eric Garrett 0-0: Ball
1-0: Called Strike
1-1: Ball
2-1: Ball
3-1: Swinging Strike
3-2: Base on Balls
Batting: RHB Alex Vazquez 0-0: Called Strike
0-1: Ball
1-1: Ball
Eric Garrett is caught stealing 2nd base 2-4
2-1: Bunt missed!
2-2: Strikes out swinging
Batting: RHB Danny Odom 0-0: Called Strike
0-1: Ball
1-1: Fly out, F8 (Flyball, 8LM, EV 96.9 MPH)
Bottom of the 3rd over - 0 runs, 0 hits, 0 errors, 0 left on base; Vancouver 1 - Spokane 0
TOP OF THE 4TH
Vancouver Canadians batting - Pitching for Spokane Indians : RHP Javier Cabrera
Batting: RHB Nikita Schram 0-0: Called Strike
0-1: Swinging Strike
0-2: Foul Ball, location: 2F
0-2: Ball
1-2: Ball
2-2: Ball
3-2: Foul Ball, location: 2F
3-2: Strikes out swinging
Batting: LHB Devin Huber 0-0: Ball
1-0: Ball
2-0: Swinging Strike
2-1: Called Strike
2-2: TRIPLE (Line Drive, 8RXD, EV 106.2 MPH)
Batting: RHB Javier Garcia 0-0: Foul Ball, location: 2F
0-1: Ball
1-1: Ground out 1-3 (Groundball, 34S, EV 68.8 MPH)
Batting: RHB Brian Manson 0-0: Ball
1-0: Called Strike
1-1: Swinging Strike
1-2: Ball
2-2: Ground out 2-3 (Groundball, 13S, EV 68.1 MPH)
Top of the 4th over - 0 runs, 1 hit, 0 errors, 1 left on base; Vancouver 1 - Spokane 0
BOTTOM OF THE 4TH
Spokane Indians batting - Pitching for Vancouver Canadians : RHP Robby Granados
Batting: LHB Walter Vegter 0-0: Foul Ball, location: 2F
0-1: Ball
1-1: Ball
2-1: Ball
3-1: Foul Ball, location: 2F
3-2: Strikes out looking
Batting: RHB Austin Mickelson 0-0: Called Strike
0-1: Ball
1-1: Swinging Strike
1-2: Strikes out swinging
Batting: LHB Mike Sammons 0-0: Ball
1-0: Called Strike
1-1: Ball
2-1: Ball
3-1: Base on Balls
Batting: RHB Dennis Daniels 0-0: Fly out, F3 (Popup, 3SF, EV 81.2 MPH)
Bottom of the 4th over - 0 runs, 0 hits, 0 errors, 1 left on base; Vancouver 1 - Spokane 0
TOP OF THE 5TH
Vancouver Canadians batting - Pitching for Spokane Indians : RHP Javier Cabrera
Batting: LHB Adam Santarelli 0-0: Ground out 5-3 (Groundball, 56, EV 103.1 MPH)
Batting: RHB Ricky Carbajal 0-0: Foul Ball, location: 2F
0-1: Ground out 5-3 (Groundball, 56S, EV 86.9 MPH)
Batting: RHB Luis Vargas 0-0: SINGLE (Groundball, 6D, EV 106.9 MPH)
Batting: RHB Kennet Strijbis 0-0: Called Strike
Luis Vargas is caught stealing 2nd base 2-4
Top of the 5th over - 0 runs, 1 hit, 0 errors, 0 left on base; Vancouver 1 - Spokane 0
BOTTOM OF THE 5TH
Spokane Indians batting - Pitching for Vancouver Canadians : RHP Robby Granados
Batting: RHB Vinny Luna 0-0: Foul Ball, location: 2F
0-1: SINGLE (Groundball, 56D, EV 97.5 MPH)
Batting: RHB Aaron Graham 0-0: Ball
1-0: Ball
2-0: SINGLE (Groundball, 6MD, EV 94.4 MPH)
Vinny Luna to second
Batting: RHB Eric Garrett 0-0: Ball
1-0: Foul Ball, location: 2F
1-1: DOUBLE (Line Drive, 7LM, EV 101.9 MPH)
Vinny Luna scores
Aaron Graham to third
Batting: RHB Alex Vazquez 0-0: Ball
1-0: Ground out U3 (Groundball, 34, EV 100.6 MPH)
Aaron Graham scores
Eric Garrett to third
Batting: RHB Danny Odom 0-0: Ball
1-0: Foul Ball, location: 2F
1-1: Called Strike
1-2: Ball
2-2: Strikes out swinging
Batting: LHB Walter Vegter 0-0: Ball
1-0: Ground out 6-3 (Groundball, 56D, EV 102.5 MPH)
Bottom of the 5th over - 2 runs, 3 hits, 0 errors, 1 left on base; Vancouver 1 - Spokane 2
TOP OF THE 6TH
Vancouver Canadians batting - Pitching for Spokane Indians : RHP Javier Cabrera
Batting: RHB Kennet Strijbis 0-0: Called Strike
0-1: Ground out 6-3 (Groundball, 6, EV 103.1 MPH)
Batting: RHB Carlos Renteria 0-0: Ball
1-0: Foul Ball, location: 2F
1-1: SINGLE (Flyball, 8RS, EV 86.2 MPH)
Batting: RHB Nikita Schram 0-0: Ball
1-0: Called Strike
Carlos Renteria steals 2nd base
1-1: SINGLE (Groundball, 34D, EV 99.4 MPH)
Carlos Renteria to third
Batting: LHB Devin Huber 0-0: Called Strike
0-1: Foul Ball, location: 2F
0-2: Strikes out looking
Nikita Schram steals 2nd base
Batter strikes out.
Batting: RHB Javier Garcia 0-0: Ball
1-0: Foul Ball, location: 2F
1-1: Reached on error, E1 (Groundball, 15, EV 60.6 MPH)
Carlos Renteria scores
Nikita Schram to third
Batting: RHB Brian Manson 0-0: Ball
1-0: Foul Ball, location: 2F
1-1: Ball
2-1: Ball
Wild Pitch!
Nikita Schram scores
Javier Garcia to second
3-1: SINGLE (Groundball, 56, EV 88.1 MPH) (infield hit)
Javier Garcia to third
Batting: LHB Adam Santarelli 0-0: Foul Ball, location: 2F
0-1: Foul Ball, location: 2F
0-2: Strikes out swinging
Top of the 6th over - 2 runs, 3 hits, 1 error, 2 left on base; Vancouver 3 - Spokane 2
BOTTOM OF THE 6TH
Spokane Indians batting - Pitching for Vancouver Canadians : RHP Robby Granados
Batting: RHB Austin Mickelson 0-0: Foul Ball, location: 2F
0-1: DOUBLE (Groundball, 5L, EV 106.2 MPH)
Batting: LHB Mike Sammons 0-0: Swinging Strike
0-1: SINGLE (Groundball, 34D, EV 106.2 MPH)
Austin Mickelson to third
Batting: RHB Dennis Daniels 0-0: Ball
1-0: Called Strike
Mike Sammons steals 2nd base
1-1: Called Strike
1-2: Strikes out looking
Batting: RHB Vinny Luna 0-0: Swinging Strike
0-1: Swinging Strike
0-2: Ball
1-2: Foul Ball, location: 2F
1-2: Ground out 5-3 (Groundball, 56S, EV 79.4 MPH)
Austin Mickelson scores
Batting: RHB Aaron Graham 0-0: Foul Ball, location: 2F
0-1: Ball
1-1: Ball
2-1: Fly out, F8 (Flyball, 89D, EV 100.0 MPH)
Bottom of the 6th over - 1 run, 2 hits, 0 errors, 1 left on base; Vancouver 3 - Spokane 3
TOP OF THE 7TH
Vancouver Canadians batting - Pitching for Spokane Indians : RHP Javier Cabrera
Batting: RHB Ricky Carbajal 0-0: Ball
1-0: Ball
2-0: Called Strike
2-1: Called Strike
2-2: SINGLE (Popup, 5L, EV 68.8 MPH)
Batting: RHB Luis Vargas 0-0: Sac Bunt to 15S - play at first, batter OUT! 1-3
Ricky Carbajal to second
Batting: RHB Kennet Strijbis 0-0: Called Strike
0-1: Ball
1-1: Ball
2-1: Ground out 6-3 (Groundball, 6, EV 108.1 MPH)
Batting: RHB Carlos Renteria 0-0: Foul Ball, location: 2F
0-1: Ball
1-1: Ball
2-1: Foul Ball, location: 2F
2-2: Ball
3-2: Foul Ball, location: 2F
3-2: Foul Ball, location: 2F
3-2: Foul Ball, location: 2F
3-2: SINGLE (Flyball, 3D, EV 96.9 MPH)
Ricky Carbajal to third
Runner from 3rd tries for Home, SAFE, throw by RF to home
Pitching: RHP Marc Duncan
Batting: RHB Nikita Schram 0-0: Ball
1-0: Ball
2-0: Called Strike
2-1: Foul Ball, location: 2F
2-2: Foul Ball, location: 2F
2-2: Ball
3-2: Foul Ball, location: 2F
3-2: Strikes out looking
Top of the 7th over - 1 run, 2 hits, 0 errors, 1 left on base; Vancouver 4 - Spokane 3
BOTTOM OF THE 7TH
Spokane Indians batting - Pitching for Vancouver Canadians : RHP Robby Granados
Pitching: RHP Dave August
Pinch Hitting: LHB Ben Radach 0-0: Called Strike
0-1: Fly out, F7 (Line Drive, 7D, EV 108.1 MPH)
Pinch Hitting: LHB Sean Gingrich 0-0: SINGLE (Flyball, 56D, EV 92.5 MPH)
Pinch Hitting: LHB Nick Foutz 0-0: Ball
1-0: Ball
2-0: Foul Ball, location: 2F
2-1: Called Strike
2-2: Fly out, F7 (Flyball, 7, EV 88.1 MPH)
Batting: LHB Walter Vegter 0-0: Called Strike
0-1: Swinging Strike
0-2: Strikes out swinging
Bottom of the 7th over - 0 runs, 1 hit, 0 errors, 1 left on base; Vancouver 4 - Spokane 3
TOP OF THE 8TH
Vancouver Canadians batting - Pitching for Spokane Indians : RHP Marc Duncan
Pitching: LHP Sid DeSensi
Now at 1B: Ben Radach
Now at 3B: Tyler Farver
Now at SS: Aaron Graham
Now in LF: Nick Foutz
Batting: RHB Norm Mercer 0-0: Ball
1-0: Called Strike
1-1: Ground out 5-3 (Groundball, 56S, EV 79.4 MPH)
Pitching: RHP Victor Benitez
Batting: RHB Javier Garcia 0-0: Swinging Strike
0-1: Fly out, F7 (Line Drive, 7D, EV 96.9 MPH)
Batting: RHB Brian Manson 0-0: SINGLE (Line Drive, 9S, EV 92.5 MPH)
Batting: LHB Adam Santarelli 0-0: Called Strike
Brian Manson steals 2nd base
0-1: Ball
1-1: Ball
Wild Pitch!
Brian Manson to third
2-1: Fly out, F8 (Flyball, 8LM, EV 88.8 MPH)
Top of the 8th over - 0 runs, 1 hit, 0 errors, 1 left on base; Vancouver 4 - Spokane 3
BOTTOM OF THE 8TH
Spokane Indians batting - Pitching for Vancouver Canadians : RHP Dave August
Batting: RHB Austin Mickelson 0-0: Ball
1-0: Ball
2-0: Fly out, F8 (Flyball, 8RD, EV 101.2 MPH)
Batting: LHB Mike Sammons 0-0: Ground out 5-3 (Groundball, 56S, EV 62.5 MPH)
Batting: RHB Dennis Daniels 0-0: Ball
1-0: Foul Ball, location: 2F
1-1: Ball
2-1: Foul Ball, location: 2F
2-2: SINGLE (Groundball, 56D, EV 96.2 MPH)
Batting: RHB Vinny Luna 0-0: Ground out 4-3 (Groundball, 34, EV 102.5 MPH)
Bottom of the 8th over - 0 runs, 1 hit, 0 errors, 1 left on base; Vancouver 4 - Spokane 3
TOP OF THE 9TH
Vancouver Canadians batting - Pitching for Spokane Indians : RHP Victor Benitez
Pinch Hitting: LHB Ray Whitehead 0-0: Swinging Strike
0-1: Called Strike
0-2: Ball
1-2: Strikes out swinging
Pinch Hitting: LHB Tso-lin Fen 0-0: Ball
1-0: Swinging Strike
1-1: Foul Ball, location: 2F
1-2: Ball
2-2: Ground out 6-3 (Groundball, 4M, EV 110.0 MPH)
Batting: RHB Kennet Strijbis 0-0: Ground out 5-3 (Groundball, 56, EV 75.6 MPH)
Top of the 9th over - 0 runs, 0 hits, 0 errors, 0 left on base; Vancouver 4 - Spokane 3
BOTTOM OF THE 9TH
Spokane Indians batting - Pitching for Vancouver Canadians : RHP Dave August
Pitching: RHP Josh Long
Now at C: David Cooper
Now in LF: Dan Hilyer
Now in RF: Scott Robbins
Batting: RHB Aaron Graham 0-0: SINGLE (Flyball, 89S, EV 92.5 MPH)
Batting: LHB Ben Radach 0-0: Called Strike
0-1: Ball
1-1: Called Strike
1-2: Foul Ball, location: 2F
1-2: Ball
2-2: Foul Ball, location: 2F
2-2: Foul Ball, location: 2F
2-2: Strikes out swinging
Pinch Hitting: LHB Casper Kersten 0-0: Ground out 6-3 (Groundball, 4, EV 110.0 MPH)
Aaron Graham to second
Batting: LHB Nick Foutz 0-0: Called Strike
0-1: Ball
1-1: Swinging Strike
1-2: Ball
2-2: Foul Ball, location: 2F
2-2: Foul Ball, location: 2F
2-2: Strikes out swinging, 2-3 out at first.
Bottom of the 9th over - 0 runs, 1 hit, 0 errors, 1 left on base; Vancouver 4 - Spokane 3
Tuesday, March 28th , 2023 - OOTP Baseball 23.10 Build 110